 Dungeon Crawl Stone Soup version 0.30-b1-2-g02819fbbbe (webtiles) character file.

Game seed: 5027958371661836513

9 Alarkh the Grave Robber (level 2, 19/19 HPs)
             Began as a Demonspawn Necromancer on July 7, 2023.
             Got out of the dungeon alive.
             The game lasted 00:00:52 (205 turns).

Alarkh the Grave Robber (Demonspawn Necromancer)     Turns: 205, Time: 00:00:53

Health: 19/19      AC:  2    Str:  8    XL:     2   Next: 3%
Magic:  5/5        EV: 12    Int: 16    God:
Gold:   7          SH:  0    Dex: 13    Spells: 4/5 levels left

rFire   . . .        (no weapon)
rCold   . . .        (no shield)
rNeg    + . .        a - +0 robe
rPois   .            (no helmet)
rElec   .            (no cloak)
rCorr   .            (no gloves)
SInv    .            (no boots)
Will    .....        (no amulet)
Stlth   ++           c - ring of positive energy
HPRegen 0.23/turn    (no ring)
MPRegen 0.09/turn

%: no passive effects
@: no status effects
A: weakness stinger 1
a: no special abilities


You escaped.
You visited 1 branch of the dungeon, and saw 1 of its levels.

You collected 7 gold pieces.

Inventory:

Armour
 a - a +0 robe (worn)
Jewellery
 c - a ring of positive energy (left hand)
Scrolls
 d - a scroll of identify {unknown}
Potions
 b - a potion of magic


   Skills:
 - Level 1.7 Dodging
 - Level 1.7 Stealth
 + Level 2.2 Spellcasting
 * Level 4.7 Necromancy


You had 4 spell levels left.
You knew the following spells:

 Your Spells              Type           Power      Damage    Failure   Level
a - Necrotise             Necr           68%        1d7       2%          1

Your spell library contained the following spells:

 Spells                   Type           Power      Damage    Failure   Level
 Vampiric Draining        Necr           17%        2d7       9%          3
 Animate Dead             Necr           17%        N/A       28%         4
 Agony                    Necr           17%        N/A       61%         5


Dungeon Overview and Level Annotations

Branches:
Dungeon (1/15)

Altars:


Innate Abilities, Weirdness & Mutations

You have a small tail.


Message History

Confirm with . or Enter, or press ? or * to list all spells.
Aiming: Necrotise (safe; 3% risk of failure)
Press: ? - help, Shift-Dir - straight line, f - jackal
Aim: a jackal (ally target, chance to affect: 86%)
The jackal writhes in agony.
Your jackal skeleton bites the jackal.
Casting: Necrotise (safe; 3% risk of failure)
Confirm with . or Enter, or press ? or * to list all spells.
You don't have enough magic to cast this spell.
Casting: Necrotise (safe; 3% risk of failure)
Confirm with . or Enter, or press ? or * to list all spells.
You don't have enough magic to cast this spell.
Found a scroll labelled ERINIO KUREI.
The jackal bites you but does no damage.
Your jackal skeleton closely misses the jackal.
You hit the jackal but do no damage.
The jackal is moderately wounded.
The jackal bites you but does no damage.
Your jackal skeleton bites the jackal but does no damage.
The jackal barely misses your jackal skeleton.
You strike the helpless jackal from behind!
You hit the jackal.
The jackal is severely wounded.
Your jackal skeleton barely misses the jackal.
The jackal misses you.
You closely miss the jackal.
The jackal is severely wounded.
Your jackal skeleton bites the jackal.
The jackal dies!
You have reached level 2!
You feel monstrous as your demonic heritage exerts itself.
Your demonic ancestry asserts itself...
You grow a small tail.
Your jackal skeleton crumbles into dust!
c - a ring of positive energy
d - a scroll labelled ERINIO KUREI
c - a ring of positive energy (left hand)
There is an open door here.
There is a staircase leading out of the dungeon here.
Are you sure you want to leave the Dungeon?
This will make you lose the game!
You have escaped!

#......#..♣♣P>P♣♣..#
.........##(.♣♣.♣♣..#
#..##....#♣.........♣
## #....#♣.♣.~≈≈.♣.♣
.....#♣(.~~8~~..♣####
#.##..#♣.♣.~~~.♣.♣#..##
♣.........♣ #..######
#..♣♣.♣♣.)###.......#
#..♣♣P@P♣♣..##.......#
##..#####..##........#
...~≈≈≈≈...'........#
##############.......#
#.......# #.......#
#.......# #########


There were no monsters in sight!

Vanquished Creatures
  2 hobgoblins (D:1)
  A jackal (D:1)
  3 kobolds (D:1)
6 creatures vanquished.

Vanquished Creatures (collateral kills)
  A jackal (D:1)
1 creature vanquished.

Grand Total: 7 creatures vanquished

Notes
Turn   | Place    | Note
-------+----------+-------------------------------------------
     0 | D:1      | Alarkh the Demonspawn Necromancer began the quest for the
                  | Orb.
     0 | D:1      | Reached XP level 1. HP: 13/13 MP: 3/3
   138 | D:1      | Discovered your monstrous ancestry.
   138 | D:1      | Gained mutation: You have a small tail. [demonic ancestry]
   138 | D:1      | Reached XP level 2. HP: 19/19 MP: 0/5
   205 | D:$      | Got out of the dungeon alive.

Illustrated notes

Levels and vault maps discovered:
D:1:      tarquinn_simple_flora_water_b, layout_rooms

Action                     || total
---------------------------++-------
  Melee: Unarmed           ||    28
   Cast: Necrotise         ||    11
   Stab: Distracted        ||     1
 Armour: Robe              ||    11
  Dodge: Dodged            ||    17
